 Dungeon Crawl Stone Soup version 0.28-a0-1395-g4f6bc678fa (webtiles) character file.

Game seed: 2214262395750229435

978 flotson the Chopper (level 7, -2/55 HPs)
             Began as a Demonspawn Gladiator on Jan 5, 2022.
             Slain by Duvessa (8 damage)
             ... on level 4 of the Dungeon.
             The game lasted 00:07:42 (4603 turns).

flotson the Chopper (Demonspawn Gladiator)          Turns: 4603, Time: 00:07:42

Health: -2/55      AC:  8    Str: 15 (16) XL:     7   Next: 95%
Magic:  7/7        EV: 10    Int:  6 (9)  God:
Gold:   142        SH:  0    Dex: 12 (15) Spells: 6/6 levels left

rFire   . . .      SeeInvis .   a - +0 morningstar (vorpal)
rCold   . . .      Faith    .   (no shield)
rNeg    . . .      Spirit   .   j - +0 scale mail
rPois   .          Reflect  .   c - +0 helmet
rElec   .          Harm     .   A - scarf {shadows}
rCorr   .          Rampage  .   (no gloves)
Will    +....                   (no boots)
Stlth   ..........              (no amulet)
HPRegen 0.18/turn               x - ring of willpower
MPRegen 0.10/turn               (no ring)

@: no status effects
A: demonic guardian 1, powered by pain 1, weakness stinger 1
a: no special abilities


You were on level 4 of the Dungeon.
You visited 1 branch of the dungeon, and saw 4 of its levels.

You collected 142 gold pieces.

Inventory:

Hand Weapons
 a - a +0 vorpal morningstar (weapon)
 b - a +0 fustibalus
 i - a +0 war axe
 w - a +1 whip of venom
 z - the +1 hand axe of the Thieving Sybil {vorpal, rF+}
   (You found it on level 4 of the Dungeon)

   It inflicts extra damage upon your enemies.
   rF:        It protects you from fire.
Missiles
 e - 5 javelins (quivered)
 k - 3 boomerangs
 m - 34 sling bullets
 v - 18 poisoned darts
Armour
 c - a +0 helmet (worn)
 j - a +0 scale mail (worn)
 A - a scarf of shadows (worn)
Jewellery
 x - a ring of willpower (left hand)
Wands
 n - a wand of flame (22)
 s - a wand of polymorph (10)
Scrolls
 f - 2 scrolls of enchant weapon {unknown}
 g - 2 scrolls of immolation {unknown}
 h - 6 scrolls of identify {unknown}
 l - a scroll of teleportation {unknown}
 o - a scroll of fear {unknown}
 q - a scroll of enchant armour {unknown}
 u - a scroll of summoning {unknown}
 y - a scroll of brand weapon {unknown}
Potions
 r - a potion of lignification {unknown}
 t - a potion of cancellation {unknown}


   Skills:
 + Level 4.4 Fighting
 + Level 4.6 Axes
 + Level 4.0 Throwing
 + Level 3.4 Armour
 + Level 4.5 Dodging


You had 6 spell levels left.
You didn't know any spells.
Your spell library contained the following spells:

 Spells                   Type           Power      Damage    Failure   Level
 Magic Dart               Conj           0%         1d3       88%         1
 Searing Ray              Conj           0%         2d4       95%         2
 Conjure Flame            Conj/Fire      0%         6-21      99%         3
 Ignite Poison            Fire/Tmut/Pois 0%         N/A       99%         3
 Fulminant Prism          Conj/Hex       0%         3d6       100%        4
 Sticky Flame             Conj/Fire      0%         2d3       100%        4


Dungeon Overview and Level Annotations

Branches:
Dungeon (4/15)
 Temple: D:4-7

Altars:

Annotations:
D:4 Duvessa


Innate Abilities, Weirdness & Mutations

A weak demonic guardian rushes to your aid.
You sometimes gain a little power by taking damage.
You have a small tail.


Message History

Aim: Duvessa, wielding a +0 short sword and wearing a +0 leather armour (lightly wounded, berserk, 66% to hit)
You throw a throwing net. The throwing net hits Duvessa.
Duvessa is caught in the net!
Duvessa is lightly wounded.
Duvessa struggles against the net.
Duvessa struggles against the net. x2
Duvessa struggles against the net.
The net rips apart, and Duvessa comes free!
Duvessa rages.
There is an open door here.
You sock Duvessa!
You tail-slap Duvessa, but do no damage.
Duvessa is lightly wounded.
Duvessa hits you but does no damage. Duvessa closely misses you.
You hit Duvessa but do no damage.
Duvessa is lightly wounded.
Duvessa hits you with a +0 short sword. x2
You closely miss Duvessa.
Duvessa is lightly wounded.
Duvessa barely misses you. Duvessa hits you with a +0 short sword!
You hit Duvessa but do no damage.
Your tail-slap misses Duvessa.
Duvessa is lightly wounded.
Duvessa hits you but does no damage. Duvessa hits you with a +0 short sword!
Throw: throwing net
Press: ? - help, Q - select action, (/) - cycle Shift-Dir - straight line, f/p - Duvessa
Aim: Duvessa, wielding a +0 short sword and wearing a +0 leather armour (lightly wounded, berserk, 66% to hit)
You throw a throwing net.
The throwing net closely misses Duvessa.
Duvessa hits you with a +0 short sword. Duvessa hits you with a +0 short sword!
* * * LOW HITPOINT WARNING * * *
A demonic guardian appears!
Okay, then.
Unknown command.
Okay, then.
Unknown command.
It was a potion of degeneration.
There was something very wrong with that liquid.
You feel weakened.
You feel dopey.
You feel clumsy. Duvessa hits you with a +0 short sword!
You die...

#......# #......##
#..<...'. #...>..##
#......# ##########
#......# #........#
#......#
#........##########......#
#...(....e@..............#
#.......5#######.........#
#........# ##<...#..###
#........# #.....+..#
#........# #.....##.#
#........######.######.#
## #######.......#.#
#.###. #.......#.# #.....
#.......#.# #.....


You could see Duvessa (berserk, ally target) and a friendly white imp
(summoned).

Vanquished Creatures
  Grinder (D:3)
  Sigmund (D:3)
  Menkaure (D:4)
  A necrophage (D:2)
  An ogre (D:4)
  A water moccasin skeleton (D:4)
  Dowan (D:4)
  Natasha (thrice) (D:2)
  A hound skeleton (D:4)
  3 gnolls (D:2)
  4 adders (D:2)
  2 worms (D:2)
  A dart slug (D:2)
  5 orcs (D:4)
  6 bats
  7 endoplasms
  2 giant cockroaches
  3 goblins
  5 hobgoblins
  4 jackals (D:1)
  2 quokkas
  A ball python (D:2)
  3 frilled lizards
  6 kobolds
  2 rats (D:2)
67 creatures vanquished.

Vanquished Creatures (collateral kills)
  A gnoll (D:2)
1 creature vanquished.

Grand Total: 68 creatures vanquished

Notes
Turn   | Place    | Note
-------+----------+-------------------------------------------
     0 | D:1      | flotson the Demonspawn Gladiator began the quest for the
                  | Orb.
     0 | D:1      | Reached XP level 1. HP: 16/16 MP: 1/1
    27 | D:1      | Gained mutation: A weak demonic guardian rushes to your
                  | aid. [demonic ancestry]
    27 | D:1      | Reached XP level 2. HP: 9/22 MP: 2/2
   754 | D:2      | Reached XP level 3. HP: 28/28 MP: 3/3
   758 | D:2      | Reached skill level 1 in Armour
   772 | D:2      | Noticed a necrophage
   798 | D:2      | Noticed Natasha
  1036 | D:2      | Killed Natasha
  1037 | D:2      | Gained mutation: You sometimes gain a little power by
                  | taking damage. [demonic ancestry]
  1037 | D:2      | Reached XP level 4. HP: 23/34 MP: 4/4
  1187 | D:2      | Noticed Natasha
  1195 | D:2      | Killed Natasha
  1676 | D:2      | Noticed Natasha
  1684 | D:2      | Killed Natasha
  1685 | D:2      | Reached XP level 5. HP: 19/40 MP: 5/5
  1857 | D:2      | Found a faded altar of an unknown god.
  2212 | D:2      | Killed a necrophage
  2213 | D:2      | Reached XP level 6. HP: 40/47 MP: 6/6
  2583 | D:3      | Noticed Sigmund
  2596 | D:3      | Killed Sigmund
  2820 | D:3      | Noticed Grinder
  2823 | D:3      | Paralysed by Grinder for 2 turns
  2826 | D:3      | Paralysed by Grinder for 2 turns
  2836 | D:3      | Killed Grinder
  2837 | D:3      | Gained mutation: You have a small tail. [demonic ancestry]
  2837 | D:3      | Reached XP level 7. HP: 21/53 MP: 7/7
  3322 | D:4      | Identified the +1 hand axe of the Thieving Sybil {vorpal,
                  | rF+}
  3710 | D:4      | Noticed Menkaure
  3716 | D:4      | Killed Menkaure
  4081 | D:4      | Noticed Dowan
  4083 | D:4      | Noticed Duvessa
  4359 | D:4      | Killed Dowan
  4603 | D:4      | Slain by Duvessa

Illustrated notes

Levels and vault maps discovered:
D:1:      wander_arrival_peaceful_grave, layout_rooms
D:2:      layout_basic, shapermc_ecumenical_altar_flowoftime, st_stairs_2,
          uniq_natasha
D:3:      layout_basic, uniq_grinder, uniq_sigmund
D:4:      minmay_wonky_spiral, layout_basic, hangedman_decor_lopped,
          uniq_menkaure, uniq_duvessa

Skill      XL: |  1  2  3  4  5  6  7 |
---------------+----------------------+-----
Throwing       | 2 3 4 |  4.0
Axes           | 3 4 |  4.6
Dodging        | 3 4 |  4.5
Armour         | 1 2 3 |  3.4
Fighting       | 3 4 |  4.4

Action                   |  1- 3 |  4- 6 |  7- 9 || total
-------------------------+-------+-------+-------++-------
Melee: War axe           |    60 |    11 |       ||    71
       Whip              |       |    53 |     1 ||    54
       Morningstar       |       |       |    39 ||    39
       Hand axe          |       |       |     8 ||     8
       Tailslap          |       |       |     5 ||     5
 Fire: Fustibalus        |    33 |    24 |     8 ||    65
Throw: Throwing net      |       |       |     3 ||     3
  Use: Potion            |       |       |     1 ||     1
Armor: Leather armour    |    23 |       |       ||    23
       Scale mail        |     9 |    18 |    15 ||    42
Dodge: Dodged            |    56 |    36 |    30 ||   122

Table legend: (Time is in decaauts)
 A = Elapsed time spent in this place.
 B = Non-inter-level travel time spent in this place.
 C = Inter-level travel time spent in this place.
 D = Time resting spent in this place.
 E = Time spent auto-exploring this place.
 F = Levels seen in this place.
 G = Mean time per level.
                   A        B        C        D        E       F      G
               +--------+--------+--------+--------+--------+-----+--------+
         Total |   4658 |   4485 |    173 |    611 |   3159 |   4 | 1164.5 |
       Dungeon |   4658 |   4485 |    173 |    611 |   3159 |   4 | 1164.5 |
               +--------+--------+--------+--------+--------+-----+--------+

Top non-repeatable levels by time:
     D:2: 1532 daAuts
     D:3: 1205 daAuts
     D:4: 961 daAuts
     D:1: 958 daAuts
